Map: Simulacrum LE

Players

Neeblet (Neeb)

  • Race: Protoss Protoss
  • Spawn Location: 11:00

liquidthermy (uThermal) - Winner!

  • Race: Terran Terran
  • Spawn Location: 5:00

Event: StayAtHomestory Cup #1

VOD

Have the link to the VOD?

Description

Time

  • Played on: April 10, 2020, 2:05 p.m.
  • Length: 7:04

All games in this series

Show
View Real Time Build Order
Export as new Build Order

Neeblet Protoss 

Build Orders: Oracle Opening, Phoenix Opening 

Get SALT Encoding   

  12  0:00  Probe  
  13  0:13  Probe  
  14  0:17  Pylon  
  14  0:25  Probe (Chrono Boost)  
  15  0:37  Probe (Chrono Boost)  
  15  0:38  Gateway  
  16  0:44  Probe (Chrono Boost)  
  16  0:46  Assimilator  
  17  0:51  Probe  
  18  1:03  Probe  
  19  1:15  Probe  
  20  1:23  Pylon  
  20  1:29  Probe, Cybernetics Core  
  20  1:30  Zealot  
  23  1:43  Probe  
  24  1:51  Assimilator  
  24  1:55  Probe  
  25  2:04  Stalker (Chrono Boost)  
  25  2:07  Probe  
  28  2:11  Shield Battery  
  27  2:22  Nexus  
  27  2:27  Probe  
  28  2:41  Stargate  
  28  2:44  Probe  
  31  2:55  Pylon  
  31  2:57  Probe  
  30  3:02  Warp Gate  
  30  3:10  Probe  
  31  3:21  Oracle (Chrono Boost)  
  31  3:22  Probe  
  35  3:27  Stalker  
  35  3:34  Probe  
  38  3:36  Probe  
  39  3:46  Probe  
  40  3:50  Phoenix (Chrono Boost)  
  40  3:52  Probe  
  43  3:57  Gateway  
  43  3:58  Gateway  
  43  4:00  Probe  
  44  4:05  Pylon  
  44  4:06  Probe  
  45  4:12  Phoenix (Chrono Boost)  
  45  4:14  Probe  
  48  4:18  Probe  
  49  4:26  Probe  
  49  4:30  Probe  
  51  4:35  Phoenix (Chrono Boost)  
  51  4:38  Probe  
  54  4:40  Pylon  
  54  4:43  Probe  
  55  4:51  Nexus  
  55  4:54  Forge  
  55  5:02  Probe, Twilight Council  
  55  5:03  Probe  
  57  5:08  Assimilator  
  57  5:11  Pylon  
  57  5:14  Probe  
  57  5:15  Probe  
  57  5:21  Phoenix (Chrono Boost)  
  59  5:22  Stalker  
  59  5:26  Stalker  
  65  5:35  Pylon, Zealot, Shield Battery  
  67  5:39  Phoenix  
  69  5:44  Shield Battery  
  69  5:45  Probe  
  70  5:56  Adept x3  
  76  6:02  Probe  
  75  6:05  Probe x2  
  75  6:10  Phoenix (Chrono Boost)  
  66  6:14  Probe  
  59  6:20  Stalker x3  
  61  6:39  Probe  
  53  6:43  Stalker x3  
  53  6:45  Probe  
  53  6:46  Probe  
Show
View Real Time Build Order
Export as new Build Order

liquidthermy Terran - Winner!

Build Orders:  

Get SALT Encoding   

  12  0:01  SCV  
  13  0:13  SCV  
  14  0:17  Supply Depot  
  14  0:25  SCV  
  15  0:39  SCV  
  15  0:40  Barracks  
  16  0:46  Refinery  
  16  0:51  SCV  
  16  0:57  Refinery  
  17  1:03  SCV  
  18  1:15  SCV  
  19  1:27  Reaper  
  19  1:28  Orbital Command  
  20  1:41  Bunker  
  20  1:42  Supply Depot  
  21  1:54  SCV  
  21  1:58  Factory  
  21  2:06  SCV  
  22  2:18  SCV  
  22  2:31  SCV, Command Center  
  23  2:42  Factory Tech Lab  
  23  2:44  SCV  
  24  2:45  Starport  
  24  2:56  SCV  
  25  3:00  Cyclone  
  25  3:03  Supply Depot  
  28  3:08  SCV  
  29  3:18  Barracks Reactor  
  29  3:20  SCV  
  29  3:21  Starport Tech Lab  
  30  3:32  Siege Tank  
  33  3:42  Barracks x2  
  33  3:47  Banshee  
  35  3:50  SCV  
  35  3:54  Marine x2  
  38  4:02  SCV  
  39  4:07  Siege Tank  
  42  4:11  Marine  
  42  4:12  Marine  
  44  4:18  Orbital Command  
  44  4:21  SCV  
  45  4:29  Marine  
  45  4:30  Marine  
  47  4:31  Marine  
  47  4:35  Supply Depot  
  49  4:39  SCV  
  49  4:42  Siege Tank  
  49  4:44  Marine  
  53  4:47  Marine  
  54  4:56  Marine, Supply Depot, Medivac  
  54  4:58  Marine  
  58  5:02  Marine  
  58  5:05  Marine  
  59  5:14  Siege Tank  
  62  5:17  Marine x2, Supply Depot  
  62  5:19  SCV  
  62  5:20  SCV  
  65  5:22  Marine  
  65  5:26  Marine  
  67  5:31  SCV  
  67  5:32  Medivac  
  70  5:39  Marine x2  
  73  5:44  Marine  
  73  5:47  Supply Depot  
  73  5:53  Siege Tank  
  73  5:54  SCV  
  77  5:58  Marine  
  78  6:06  Marine  
  78  6:08  Marine  
  65  6:16  Marine  
  62  6:19  SCV  
  62  6:20  Marine  
  62  6:24  SCV  
  62  6:25  Siege Tank  
  65  6:31  SCV  
  63  6:38  Marine  
  62  6:42  Marine x2  
  62  6:46  Marine  
Tags
 
Add a new tag
Caveats
  • Supply blocks, unpowered buildings, or Contaminate may cause inaccurate times.
  • Supply counts are checked every 10 seconds.